 Dungeon Crawl Stone Soup version 0.29.1-13-g9f3cf754e1 (webtiles) character file.

Game seed: 3252151863486627542

18527 cowcol the Protected (level 12, -13/133 (138) HPs)
             Began as a Minotaur Monk on Feb 3, 2023.
             Was a High Priest of Hepliaklqana.
             Mangled by a sun demon (15 damage)
             ... summoned by an orc high priest
             ... on level 2 of the Orcish Mines.
             The game lasted 00:44:58 (18006 turns).

cowcol the Protected (Minotaur Monk)               Turns: 18006, Time: 00:44:59

HP:   -13/133 (138) AC: 24    Str: 20    XL:     12   Next: 28%
MP:   11/11         EV:  9    Int:  7    God:    Hepliaklqana [*****.]
Gold: 995           SH:  0    Dex: 14    Spells: 11/11 levels left

rFire   . . .      SeeInvis .   D - +1 battleaxe (venom)
rCold   . . .      Faith    +   (shield currently unavailable)
rNeg    . . .      Spirit   .   i - +3 plate armour {rPois}
rPois   +          Reflect  .   (helmet restricted)
rElec   .          Harm     .   (no cloak)
rCorr   .          Rampage  .   (no gloves)
Will    .....                   h - +1 pair of boots
Stlth   ..........              B - amulet of faith
HPRegen 0.32/turn               E - +4 ring of protection
MPRegen 0.12/turn               (no ring)

@: berserking, studying Fire Magic, lightly drained, very quick
A: reduced essence, horns 2, retaliatory headbutt
a: Renounce Religion, Recall Ancestor, Ancestor Identity, Transference, Idealise


You were on level 2 of the Orcish Mines.
You worshipped Hepliaklqana.
Hepliaklqana was extremely pleased with you.
You visited 3 branches of the dungeon, and saw 14 of its levels.
You also visited: Ossuary.

You collected 995 gold pieces.

Inventory:

Hand Weapons
 a - a +0 hand axe
 c - a +0 eveningstar of flaming
 d - a +5 dire flail of protection
 e - a +0 dagger
 o - a +0 broad axe
 q - a +0 falchion
 r - a +2 war axe of flaming
 v - a +0 long sword
 D - a +1 battleaxe of venom (weapon)
 F - a +2 vorpal battleaxe
 I - a +0 falchion of flaming
 L - a +1 scimitar of flaming
Missiles
 m - 86 stones
 s - 44 poisoned darts (quivered)
 A - 4 atropa-tipped darts
 P - 5 javelins
Armour
 b - a +0 robe
 g - a +0 ring mail
 h - a +1 pair of boots (worn)
 i - a +3 plate armour of poison resistance (worn)
 j - a +1 ring mail of poison resistance
 k - a +0 leather armour of cold resistance
Jewellery
 z - an amulet of reflection
 B - an amulet of faith (around neck)
 E - a +4 ring of protection (left hand)
 H - a ring of flight
Wands
 l - a wand of polymorph (6)
 n - a wand of light (5)
 x - a wand of roots (5)
 y - a wand of flame (8)
Scrolls
 p - a scroll of amnesia
 w - a scroll of immolation
 G - a scroll of vulnerability
 K - a scroll of poison
 Q - a scroll of torment
Potions
 f - a potion of ambrosia
 t - a potion of magic
 u - 4 potions of curing
 J - a potion of flight {unknown}
 M - a potion of brilliance
 O - a potion of mutation {unknown}
Miscellaneous
 N - a phial of floods (inert)


   Skills:
 + Level 8.8 Fighting
 * Level 9.7 Long Blades
 * Level 12.0(13.1) Axes
 * Level 8.5(11.4) Maces & Flails
 - Level 2.1 Throwing
 * Level 12.0 Armour
 + Level 6.9 Dodging
 + Level 3.9 Stealth
 + Level 0.3 Unarmed Combat
 * Level 2.6 Fire Magic
 - Level 0.5 Invocations
 - Level 1.3 Evocations


You had 11 spell levels left.
You didn't know any spells.
Your spell library contained the following spells:

 Spells                   Type           Power      Damage    Failure   Level
 Foxfire                  Conj/Fire      4%         2x1d4     99%         1
 Magic Dart               Conj           0%         1d3       100%        1
 Necrotise                Necr           0%         1d4       100%        1
 Call Imp                 Summ           0%         N/A       100%        2
 Static Discharge         Conj/Air       0%         3-3/arc   100%        2
 Conjure Flame            Conj/Fire      1%         6-21      100%        3
 Ignite Poison            Fire/Tmut/Pois 1%         N/A       100%        3
 Inner Flame              Hex/Fire       1%         N/A       100%        3
 Mephitic Cloud           Conj/Pois/Air  0%         N/A       100%        3
 Ozocubu's Armour         Ice            0%         N/A       100%        3
 Vampiric Draining        Necr           0%         2d6       100%        3
 Animate Armour           Summ/Erth      0%         N/A       100%        4
 Flame Wave               Conj/Fire      1%         2d4       100%        4
 Sticky Flame             Conj/Fire      1%         2d3       100%        4
 Agony                    Necr           0%         N/A       100%        5
 Blade Hands              Tmut           0%         N/A       100%        5
 Lightning Bolt           Conj/Air       0%         1d11      100%        5
 Iron Shot                Conj/Erth      0%         9d1       100%        6
 Ozocubu's Refrigeration  Ice            0%         4d7       100%        7
 Maxwell's Capacitive Co  Air            0%         ∞         100%        8


Dungeon Overview and Level Annotations

Branches:
Dungeon (11/15)            Temple (1/1) D:5             Orc (2/2) D:9
    Elf (0/3) Orc:2       Ossuary (visited)
   Lair: D:8-11

Altars:
Ashenzari
Cheibriados
Dithmenos
Elyvilon
Fedhas
Gozag
Hepliaklqana
Kikubaaqudgha
Makhleb
Nemelex Xobeh
Okawaru
Qazlal
Ru
Sif Muna
Trog
Uskayaw
Vehumet
Wu Jian
Xom
Yredelemnul
Zin
The Shining One

Annotations:
D:11 Harold
Orc:2 2 transporters, cheesebisquit's ghost, journeyman MiFi


Innate Abilities, Weirdness & Mutations

Your life essence is reduced to manifest your ancestor. (-10% HP)
You have a pair of horns on your head.
You reflexively headbutt those who attack you in melee.


Message History

The grasping roots constrict the orc high priest.
The grasping roots constrict the orc.
You kill the orc!
The grasping roots constrict the sun demon, but do no damage.
You hear a shout! x10
The sun demon struggles to escape constriction.
The orc high priest mumbles some strange prayers to Beogh against you.
Beogh smites you!
* * * LOW HITPOINT WARNING * * *
The grasping roots constrict the orc high priest.
The grasping roots constrict the sun demon.
The roots release their grip on the sun demon.
The roots release their grip on the orc high priest.
The sun demon attacks as you move away! The sun demon misses you.
You furiously retaliate!
You headbutt the sun demon!
The orc priest calls upon Beogh to heal the orc high priest.
The orc high priest is healed somewhat.
An orc comes into view.
It is wielding a +0 flail of holy wrath.
An orc priest comes into view. It is wielding a +0 flail.
It was a potion of berserk rage.
A red film seems to cover your vision as you go berserk!
You feel yourself moving faster!
You feel mighty!
The sun demon hits you but does no damage.
The orc priest mumbles some strange prayers to Beogh against you.
Beogh smites you!
* * * LOW HITPOINT WARNING * * *
An orc priest comes into view. It is wielding a +0 falchion.
The orc high priest closely misses you.
You feel a strong urge to attack something.
You hit the sun demon.
The sun demon is moderately wounded.
The orc priest casts a cantrip, but nothing happens.
The orc priest mumbles some strange prayers to Beogh against you.
Beogh smites you!
* * * LOW HITPOINT WARNING * * *
An orc priest comes into view. It is wielding a +0 club.
The sun demon hits you.
* * * LOW HITPOINT WARNING * * *
You are engulfed in flames!
You die...

##.##........####......).....#...
## #.....<...# ##.........# #..
#.......### ###.......# #.
#.....#.# #......## ## ##...####
#......# # ##.## # ## #
########################
.....o.@3o.o)o..........
.........o..oo.......).)
###..###.###.#######..## #. #o#
#.# #..# # #.# #.#######..# ...
.........Ro# ... ..###.###))##
8.oo8..# #.# #.... #.# #.###


You could see an orc high priest, a sun demon (summoned), 6 orc priests and 3
orcs.

Vanquished Creatures
  A hydra (D:9)
  Erica (D:8)
  Urug (D:10)
  Joseph (D:8)
  Maurice (D:8)
  An unseen horror (D:10)
  3 trolls
  A wraith (D:10)
  3 hogs (D:9)
  3 fire elementals (D:10)
  A steam dragon (D:9)
  4 yaks
  2 vampire mosquitoes (D:10)
  2 wargs
  8 orc warriors
  An ice beast (D:4)
  5 ogres
  3 kobold brigands
  5 bullfrogs
  2 necrophages
  2 elf zombies (Ossuary)
  A gnoll sergeant (D:4)
  2 scorpions
  2 wights (D:9)
  6 killer bees
  3 howler monkeys
  A centaur zombie (Ossuary)
  2 human zombies (Ossuary)
  Crazy Yiuf (D:2)
  3 orc priests
  A gnoll bouda (D:7)
  Jessica (D:2)
  2 iguanas (D:4)
  6 orc wizards
  2 mummies (Ossuary)
  Robin (D:2)
  14 gnolls
  9 adders
  3 white imps
  An ufetubus (D:5)
  2 adder zombies (Ossuary)
  4 dart slugs
  2 worms
  19 orcs
  3 ball pythons
  8 bats
  2 endoplasms
  A giant cockroach (D:2)
  6 hobgoblins
  2 jackals (D:4)
  2 quokkas (D:1)
  8 frilled lizards (D:2)
  11 goblins
  A goblin zombie (Ossuary)
  4 hobgoblin zombies (Ossuary)
  2 jackal zombies (Ossuary)
  17 kobolds
  14 kobold zombies (Ossuary)
  7 orc zombies (Ossuary)
  3 rats
  A rat zombie (Ossuary)
231 creatures vanquished.

Vanquished Creatures (collateral kills)
  A fire dragon (D:10)
  An orc high priest (Orc:2)
  Nergalle (D:10)
  An orc knight (Orc:2)
  The ghost of hawkwood the Trooper, a novice DgAr (D:5)
  2 smoke demons (D:10)
  A gargoyle (D:10)
  2 komodo dragons (D:11)
  A troll (D:10)
  2 dream sheep (D:9)
  A wyvern (D:9)
  A shadow (D:10)
  4 yaks
  2 fire bats (D:10)
  A human (D:9)
  A hog (D:9)
  3 wargs
  2 vampire mosquitoes (D:10)
  Edmund (D:6)
  5 orc warriors
  An ice beast (D:5)
  An ogre (D:6)
  2 centaurs
  6 kobold brigands
  A gnoll sergeant (D:5)
  3 bullfrogs
  2 scorpions
  A wight (D:9)
  6 killer bees
  6 howler monkeys
  10 orc priests
  A hound (D:6)
  4 iguanas
  12 orc wizards
  6 gnolls
  2 white imps
  27 orcs
  A quokka (D:5)
  15 kobolds
141 creatures vanquished.

Vanquished Creatures (others)
  15 battlemagi
  3 fungi (D:11)
  A plant (D:11)
19 creatures vanquished.

Grand Total: 391 creatures vanquished

Notes
Turn   | Place    | Note
-------+----------+-------------------------------------------
     0 | D:1      | cowcol the Minotaur Monk began the quest for the Orb.
     0 | D:1      | Reached XP level 1. HP: 19/19 MP: 0/0
   372 | D:1      | Reached XP level 2. HP: 27/27 MP: 1/1
   964 | D:1      | Reached skill level 1 in Armour
  1216 | D:2      | Noticed a scorpion
  1335 | D:2      | Killed a scorpion
  1336 | D:2      | Reached XP level 3. HP: 12/33 MP: 2/2
  1336 | D:2      | Reached XP level 4. HP: 15/40 MP: 3/3
  1489 | D:2      | Noticed Robin
  1510 | D:2      | Killed Robin
  1882 | D:2      | Noticed Jessica
  1905 | D:2      | Reached XP level 5. HP: 44/46 MP: 4/4
  1906 | D:2      | Killed Jessica
  2474 | D:2      | Found a runed translucent door.
  2475 | D:2      | Noticed Crazy Yiuf
  2489 | D:2      | Killed Crazy Yiuf
  3058 | D:3      | Found a blossoming altar of Fedhas.
  3175 | D:3      | Found a shadowy altar of Dithmenos.
  3831 | D:4      | Reached XP level 6. HP: 40/53 MP: 5/5
  4068 | D:4      | Reached skill level 5 in Axes
  4145 | D:4      | Found a sand-covered staircase.
  4151 | Ossuary  | Entered an ossuary
  4423 | Ossuary  | Reached skill level 5 in Armour
  4427 | Ossuary  | Reached skill level 1 in Long Blades
  4592 | Ossuary  | Reached XP level 7. HP: 30/60 MP: 6/6
  5485 | D:5      | Entered Level 5 of the Dungeon
  5531 | D:4      | Reached skill level 5 in Fighting
  5679 | D:5      | Found a runed translucent door.
  5714 | D:5      | HP: 2/61 [orc/+0 club (2)]
  5912 | D:5      | Reached XP level 8. HP: 66/68 MP: 7/7
  5964 | D:5      | Found a staircase to the Ecumenical Temple.
  5979 | Temple   | Entered the Ecumenical Temple
  6281 | Temple   | Became a worshipper of Hepliaklqana the Forgotten
  6281 | Temple   | Reached * piety under Hepliaklqana
  6281 | Temple   | Reached ** piety under Hepliaklqana
  6282 | Temple   | Remembered your ancestor Qinisela as a battlemage
  6587 | D:5      | Noticed hawkwood's ghost (novice DgAr)
  6865 | D:5      | Reached skill level 1 in Throwing
  6865 | D:5      | Reached skill level 5 in Dodging
  6916 | D:5      | Found a hide-covered altar of Uskayaw.
  7475 | D:5      | Killed hawkwood's ghost
  7476 | D:5      | Reached skill level 5 in Long Blades
  7642 | D:6      | Noticed Edmund
  7647 | D:6      | Killed Edmund
  7648 | D:6      | Reached XP level 9. HP: 52/67 MP: 8/8
  8401 | D:7      | Reached skill level 1 in Evocations
  8703 | D:7      | Reached skill level 1 in Maces & Flails
  8908 | D:7      | Reached *** piety under Hepliaklqana
  8926 | D:7      | Found an ornate altar of the Wu Jian Council.
  8927 | D:7      | Found an ancient bone altar of Kikubaaqudgha.
  9827 | D:8      | Noticed Maurice
  9884 | D:8      | Killed Maurice
 10079 | D:8      | Noticed Joseph
 10098 | D:8      | Killed Joseph
 10099 | D:8      | Reached XP level 10. HP: 58/75 MP: 9/9
 10260 | D:8      | You fall into a shaft and drop 3 floors!
 10350 | D:11     | Reached skill level 5 in Maces & Flails
 10749 | D:11     | Identified the +4 sling of the Warrior-Mage {freeze, Drain
                  | rC++ rN+ Int+4 SInv}
 10758 | D:11     | Noticed Harold
 10760 | D:11     | Reached **** piety under Hepliaklqana
 10761 | D:11     | Noticed a two-headed ogre
 10762 | D:10     | Entered Level 10 of the Dungeon
 10994 | D:10     | Identified the +1 robe of Herr {rN+ Dex+3}
 11343 | D:10     | Noticed Nergalle
 11357 | D:10     | Killed Nergalle
 11579 | D:10     | Noticed Urug
 11751 | D:9      | Reached skill level 10 in Armour
 12438 | D:9      | Reached XP level 11. HP: 84/84 MP: 10/10
 12768 | D:9      | Noticed a two-headed hydra
 12775 | D:9      | Killed a one-headed hydra
 12978 | D:9      | Found a staircase to the Orcish Mines.
 13509 | D:8      | Reached ***** piety under Hepliaklqana
 13840 | D:8      | Noticed Erica
 13845 | D:8      | Killed Erica
 13846 | D:8      | Reached skill level 10 in Axes
 14449 | D:10     | Noticed a fire dragon
 14463 | D:10     | HP: 4/85 [fire dragon/blast of flame (31)]
 14469 | D:10     | Killed a fire dragon
 14811 | D:10     | Killed Urug
 16063 | Orc:1    | Entered Level 1 of the Orcish Mines
 16188 | Orc:1    | Reached skill level 1 in Fire Magic
 16194 | Orc:1    | Reached XP level 12. HP: 65/92 MP: 11/11
 16596 | Orc:2    | Entered Level 2 of the Orcish Mines
 17054 | Orc:2    | Found a staircase to the Elven Halls.
 17626 | Orc:2    | Found a transporter.
 17627 | Orc:2    | Found a transporter.
 17630 | Orc:2    | Noticed an orc high priest
 17638 | Orc:2    | Killed an orc high priest
 17648 | Orc:2    | Noticed cheesebisquit's ghost (journeyman MiFi)
 17648 | Orc:2    | Noticed a two-headed ogre
 17649 | Orc:2    | Noticed a two-headed ogre
 17649 | Orc:2    | Noticed a two-headed ogre
 17650 | Orc:2    | Noticed a two-headed ogre
 17650 | Orc:2    | Noticed an ettin
 17652 | Orc:2    | Noticed a two-headed ogre
 17970 | Orc:2    | Noticed an orc high priest
 18006 | Orc:2    | HP: 4/133 [orc priest/divine providence (7)]
 18006 | Orc:2    | Mangled by a sun demon

Illustrated notes

Levels and vault maps discovered:
D:1:      lightli_arrival_lavapool, layout_loops_ring, nicolae_eternal_life,
          st_stairs_9
D:2:      layout_loops_cross, minmay_lizard_pond, uniq_crazy_yiuf_cottage,
          uniq_robin, uniq_jessica
D:3:      layout_basic, fedhas_altar_2, grunt_dithmenos_smoke_and_mirrors,
          st_stairs_8
D:4:      layout_basic, nicolae_ossuary_entry_plus
D:5:      layout_loops_ring, nicolae_uskayaw_suspiria,
          minmay_temple_entry_purple_smoke, ebering_ghost_sewer_d,
          minmay_misc_feat_plants
D:6:      layout_basic, uniq_edmund
D:7:      layout_loops_corners, mainiacjoe_overflow_large_starburst,
          minmay_misc_feat_columns
D:8:      lemuel_ice_spiral_2, layout_basic, corexii_leaking_fountain,
          minivault_1, uniq_joseph, uniq_maurice, uniq_erica
D:9:      layout_stronghold, orc_0_dummy, grunt_livestock, hangedman_ranch
D:10:     minmay_firetagon, layout_basic, minmay_misc_feat_cross, uniq_nergalle,
          uniq_urug
D:11:     cheibrodos_elevator_heist, layout_long_grid,
          grunt_lair_entry_orc_guard_hut, uniq_harold
Temple:   minmay_temple_bridge_d
Orc:1:    layout_diamond_mine
Orc:2:    st_orc_town, layout_diamond_mine, gammafunk_ghost_smash, rock_pile

Skill      XL: |  1  2  3  4  5  6  7  8  9 10 11 12 |
---------------+-------------------------------------+-----
Armour         | 2 4 5 6 7 9 10 11 12 | 12.0
Fighting       | 4 5 6 7 8 |  8.8
Axes           | 4 5 6 8 9 11 12 | 12.0
Dodging        | 4 5 6 |  6.9
Long Blades    | 1 3 5 7 8 9 |  9.7
Stealth        | 2 3 |  3.9
Throwing       | 1 2 |  2.1
Evocations     | 1 |  1.3
Maces & Flails | 4 7 8 |  8.5
Fire Magic     | 1 2 |  2.6
Unarmed Combat | |  0.3
Invocations    | |  0.5

Action                   |  1- 3 |  4- 6 |  7- 9 | 10-12 || total
-------------------------+-------+-------+-------+-------++-------
Melee: Hand axe          |    46 |   205 |   124 |       ||   375
       Headbutt          |     9 |    46 |    42 |    52 ||   149
       Punch             |       |     1 |       |     1 ||     2
       Dire flail        |       |       |    72 |    56 ||   128
       Unarmed           |       |       |     2 |       ||     2
       Battleaxe         |       |       |       |   109 ||   109
       Eveningstar       |       |       |       |    60 ||    60
       Falchion          |       |       |       |     5 ||     5
Throw: Stone             |       |     5 |       |       ||     5
       Throwing net      |       |     1 |       |       ||     1
       Dart              |       |     1 |    16 |    14 ||    31
Invok: Ancestor Life: Ba |       |       |     1 |       ||     1
       Recall Ancestor   |       |       |       |     4 ||     4
       Transference      |       |       |       |     1 ||     1
Evoke: Wand              |       |       |     5 |     3 ||     8
       Phial of floods   |       |       |       |     1 ||     1
  Use: Scroll            |     4 |     4 |    10 |     8 ||    26
       Potion            |       |     6 |     3 |     6 ||    15
 Stab: Sleeping          |       |     1 |       |     1 ||     2
       Distracted        |       |       |     1 |     2 ||     3
       Invisible         |       |       |       |     1 ||     1
Armor: Ring mail         |    20 |   102 |    78 |    70 ||   270
       Plate armour      |       |       |       |   136 ||   136
Dodge: Dodged            |    27 |   164 |   150 |   182 ||   523
